 Dungeon Crawl Stone Soup version 0.18-a0-1443-ge8f1551 (webtiles) character file.

101 Duffy the Chopper (level 4, -11/33 HPs)
             Began as a Mummy Gladiator on Mar 1, 2016.
             Killed by divine providence
             ... invoked by an orc priest
              (13 damage)
             ... on level 3 of the Dungeon.
             The game lasted 00:01:39 (1910 turns).

Duffy the Chopper (Mummy Gladiator)                 Turns: 1910, Time: 00:01:39

Health: -11/33     AC:  6    Str: 19    XL:     4   Next: 48%
Magic:  4/4        EV: 11    Int:  7    God:
Gold:   91         SH:  0    Dex: 12    Spells: 0 memorised, 3 levels left

rFire  x . .     SeeInvis .     p - -1 war axe (curse)
rCold  + . .     Gourm    .     h - +0 ring mail
rNeg   + + +     Faith    .     (no shield)
rPois  ∞         Spirit   .     c - +0 helmet
rElec  .         Dismiss  +     (no cloak)
rCorr  .         Reflect  .     (no gloves)
SustAt .         Harm     .     (no boots)
MR     .....                    k - amulet of dismissal
Stlth  +.........               (no ring)
                                (no ring)

@: not resistant to hostile enchantments, very unstealthy
A: no food or potions, fire vulnerability, cold resistance 1, negative energy
resistance 3, torment resistance, unbreathing
a: no special abilities


You were on level 3 of the Dungeon.
You were not hungry.

You visited 1 branch of the dungeon, and saw 3 of its levels.

You collected 91 gold pieces.


Innate Abilities, Weirdness & Mutations

You do not eat or drink.
Your flesh is vulnerable to fire.
You are immune to poison.
Your flesh is cold resistant.
You are immune to negative energy.
You are immune to unholy pain and torment.
You can survive without breathing.


   Skills:
 - Level 2.0 Fighting
 + Level 4.4 Axes
 - Level 1.5 Throwing
 - Level 2.4 Dodging


You had 3 spell levels left.
You didn't know any spells.

Inventory:

Hand Weapons
 a - a +0 war axe
 p - a cursed -1 war axe (weapon)
Missiles
 d - 3 throwing nets (quivered)
 m - 10 poisoned needles
Armour
 b - a +0 leather armour
 c - a +0 helmet (worn)
 h - a +0 ring mail (worn)
Jewellery
 j - an uncursed ring of ice
 k - an amulet of dismissal (around neck)
 n - an uncursed ring of teleportation
Wands
 l - a wand of enslavement (15/24)
Scrolls
 e - 2 scrolls of remove curse
 f - 3 scrolls of teleportation {unknown}
 g - 2 scrolls of identify {unknown}
 i - a scroll of amnesia {unknown}
 o - a scroll of fear {unknown}

Dungeon Overview and Level Annotations

Branches:
Dungeon (3/15)

Altars:


Message History

HP restored.
Done exploring.
There is a stone staircase leading down here.
You climb downwards.
The orc wizard points at you and mumbles some strange words.
The puff of flame hits you! The fire burns you terribly!
Ouch! That really hurt!
Your amulet of dismissal vibrates suddenly!
The orc wizard disappears!
There is a stone staircase leading up here.
You are too injured to fight recklessly!
You are too injured to fight recklessly!
You are too injured to fight recklessly!
You are too injured to fight recklessly!
You are too injured to fight recklessly!
You are too injured to fight recklessly!
You are too injured to fight recklessly!
You are too injured to fight recklessly!
You are too injured to fight recklessly!
You are too injured to fight recklessly!
You are too injured to fight recklessly!
You closely miss the orc priest. The orc priest barely misses you.
You hit the orc priest.
The orc priest is moderately wounded.
The orc priest calls down the wrath of Beogh upon you.
Beogh smites you!
You completely miss the orc priest.
The orc priest is moderately wounded.
The orc priest misses you.
You hit the orc priest.
The orc priest is heavily wounded.
The orc priest hits you but does no damage.
The orc priest mumbles some strange prayers to Beogh against you.
Beogh smites you!
You die...

#.......#
##..####.#
##...#....##
##(.....#...#
#.......#.#.#
..#......#.#
#.#........#
##.#........#
#<@o.......##
#........#.#
............#.#
.........#.....#
#.............###
#........####.#
#......... .#
#..$....... .#


You could see an orc priest.

Action                   |  1- 3 |  4- 6 || total
-------------------------+-------+-------++-------
Melee: War axe           |   119 |    20 ||   139
  Use: Scroll            |     1 |       ||     1

Notes
Turn   | Place    | Note
--------------------------------------------------------------
     0 | D:1      | Duffy the Mummy Gladiator began the quest for the Orb.
     0 | D:1      | Reached XP level 1. HP: 16/16 MP: 1/1
    72 | D:1      | Reached XP level 2. HP: 22/22 MP: 2/2
    77 | D:1      | Reached skill level 3 in Axes
   526 | D:1      | Reached XP level 3. HP: 27/27 MP: 3/3
  1047 | D:2      | Reached skill level 4 in Axes
  1339 | D:2      | Reached XP level 4. HP: 2/33 MP: 4/4
  1910 | D:3      | Killed from afar by an orc priest

Vault maps used:
D:1:      dpeg_arrival_tiny_d, minmay_misc_feat_four_crosses
D:3:      forest_paths, overflow_temple_1_default, cheibrodos_ashenzari_chains

Vanquished Creatures
  An orc wizard
  3 oozes
  4 orcs
  8 bats
  4 giant cockroaches
  3 goblins
  7 hobgoblins
  8 jackals
  3 kobolds
  A quokka
  6 rats
48 creatures vanquished.
